 Dungeon Crawl Stone Soup version 0.29-a0-575-g0dc89cf053 (webtiles) character file.

Game seed: 15461106836767564606

107 spaghetti the Martial Artist (level 4, -5/32 HPs)
             Began as a Gnoll Wanderer on June 12, 2022.
             Was a Believer of Cheibriados.
             Slain by a gnoll
             ... wielding a +0 flail
              (8 damage)
             ... on level 2 of the Dungeon.
             The game lasted 00:02:50 (2289 turns).

spaghetti the Martial Artist (Gnoll Wanderer)       Turns: 2289, Time: 00:02:51

Health: -5/32      AC:  2    Str: 14    XL:     4   Next: 86%
Magic:  0/8        EV: 11    Int: 18    God:    Cheibriados [**....]
Gold:   91         SH:  5    Dex: 19    Spells: 8/9 levels left

rFire   . . .      SeeInvis .     - Unarmed
rCold   . . .      Faith    .   c - +0 buckler
rNeg    . . .      Spirit   +   e - +0 robe
rPois   .          Reflect  .   (no helmet)
rElec   .          Harm     .   (no cloak)
rCorr   .          Rampage  .   (no gloves)
Will    .....                   (no boots)
Stlth   ++........              q - amulet of guardian spirit
HPRegen 0.10/turn               (no ring)
MPRegen 0.11/turn               (no ring)

@: very slow
A: fangs 1, strong nose, distributed training
a: Renounce Religion, Bend Time


You were on level 2 of the Dungeon.
You worshipped Cheibriados.
Cheibriados was pleased with you.
You visited 1 branch of the dungeon, and saw 2 of its levels.

You collected 91 gold pieces.


Innate Abilities, Weirdness & Mutations

You have very sharp teeth.
Your uncanny sense of smell can sniff out nearby items.
Your experience applies equally to all skills.


   Skills:
 + Level 1.2 Fighting
 + Level 1.2 Short Blades
 + Level 1.2 Long Blades
 + Level 1.2 Axes
 + Level 1.2 Maces & Flails
 + Level 1.2 Polearms
 + Level 1.2 Staves
 + Level 1.2 Slings
 + Level 1.2 Bows
 + Level 1.2 Crossbows
 + Level 2.8 Throwing
 + Level 1.2 Armour
 + Level 1.2 Dodging
 + Level 1.2 Stealth
 + Level 2.8 Shields
 + Level 8.6 Unarmed Combat
 + Level 3.0 Spellcasting
 + Level 1.0 Conjurations
 + Level 1.0 Hexes
 + Level 1.0 Summonings
 + Level 1.0 Necromancy
 + Level 1.0 Translocations
 + Level 1.0 Transmutations
 + Level 1.0 Fire Magic
 + Level 1.0 Ice Magic
 + Level 1.0 Air Magic
 + Level 5.5 Earth Magic
 + Level 1.0 Poison Magic
 + Level 1.4 Invocations
 + Level 1.2 Evocations


You had 8 spell levels left.
You knew the following spells:

 Your Spells              Type           Power      Damage    Failure   Level
a - Sandblast             Erth           44%        2d11      2%          1

Your spell library contained the following spells:

 Spells                   Type           Power      Damage    Failure   Level
 Stone Arrow              Conj/Erth      28%        3d8       17%         3
 Portal Projectile        Hex/Tloc       12%        N/A       38%         3
 Tukima's Dance           Hex            6%         N/A       38%         3
 Blade Hands              Tmut           3%         N/A       98%         5

Inventory:

Hand Weapons
 a - a +0 dagger {short}
Missiles
 b - 4 poisoned darts {throwing}
 g - 3 stones (quivered) {throwing}
 h - 3 javelins {throwing}
 k - a throwing net {=f!fthrowing}
Armour
 c - a +0 buckler (worn)
 e - a +0 robe (worn)
Jewellery
 q - an amulet of guardian spirit (around neck)
   (You found it on level 2 of the Dungeon)
Scrolls
 d - a scroll of teleportation {@r4}
 i - a scroll of blinking {unknown}
 j - 2 scrolls of identify {unknown}
 l - a scroll of silence {unknown}
 p - 2 scrolls of noise {unknown}
Potions
 m - 2 potions of curing {@q1}
 n - a potion of attraction {unknown}
 o - 2 potions of magic {unknown}
 r - a potion of ambrosia {unknown}
 s - a potion of heal wounds {unknown}

Dungeon Overview and Level Annotations

Branches:
Dungeon (2/15)

Altars:
Cheibriados

.# #..#....# ##.... .#
#.....### ########....
.# #..#.## ..........).
.# #.....# ####.###.>.)
.#####.#### ### ###.)
.......# .... #..
############# ####..###
#..
########....####........
#^.
.........##....g@....#
#..
###...##)†##g###.....#
#.. #..##....#(#######.#
#.. #.†#...g....# # #..
#.g...?.g.#......$ ##
###.#....##.......
#.##..## .......
#..##...........
#.....J........


You could see 2 gnolls.


Message History

You are too injured to fight recklessly!
You are too injured to fight recklessly!
You are too injured to fight recklessly!
You are too injured to fight recklessly!
You are too injured to fight recklessly!
You are too injured to fight recklessly!
You are too injured to fight recklessly!
You are too injured to fight recklessly!
You are too injured to fight recklessly!
You closely miss the rat. The rat barely misses you.
You hit the rat. You block the rat's attack.
You closely miss the rat. The rat barely misses you.
You hit the rat.
You kill the rat!
Cheibriados appreciates the change of pace.
A goblin comes into view. It is wielding a +0 club.
You see here a rat corpse. 😕 HP[+1]
A ball python and a hobgoblin come into view.
The goblin shouts!
You hear a shout! x3
A kobold comes into view. It is wielding a +0 short sword.
The hobgoblin shouts!
The rat bites you.
The rat bites you but does no damage. 😕 HP[-1]
You take 1 damage, and now have 29/32 hp.
You are too injured to fight recklessly!
You hit the rat.
You kill the rat!
Cheibriados appreciates the change of pace.
You punch the hobgoblin!
You kill the hobgoblin!
Cheibriados appreciates the change of pace.
The ball python bites you. The ball python grabs you.
The ball python constricts you. 😕 HP[-1]
You take 1 damage, and now have 28/32 hp.
You punch the ball python!
You kill the ball python!
Cheibriados thoroughly appreciates the change of pace.
You punch the kobold!
You kill the kobold!
Cheibriados thoroughly appreciates the change of pace.
You closely miss the goblin. The goblin barely misses you. 😕 HP[+1]
You hit the goblin.
You kill the goblin!
Cheibriados appreciates the change of pace.
Items here: )) ††.
An endoplasm comes into view.
A gnoll comes into view. It is wielding a +0 flail.
The endoplasm moves out of view.
A gnoll is nearby!
A gnoll is nearby!
A gnoll is nearby!
A gnoll is nearby!
You are too injured to fight recklessly!
You are too injured to fight recklessly!
You are too injured to fight recklessly!
You are too injured to fight recklessly!
You are too injured to fight recklessly!
The endoplasm quivers.
You see here a scroll labelled TYUXIULUSH.
A gnoll comes into view. It is wielding a +0 flail.
The gnoll shouts!
You hear a shout!
The gnoll misses you.
A gnoll comes into view. It is wielding a +0 club.
You hit the gnoll. 😕 HP[+1]
You barely miss the gnoll.
The gnoll hits you with a +0 flail! 😮 HP[-8] MP[-2]
You take 8 damage, and now have 22/32 hp.
MASSIVE DAMAGE!! (PAUSE)
You lost 2 mp, and now have 6/8 mp.
You hit the gnoll but do no damage. The gnoll hits you with a +0 club.
The gnoll hits you with a +0 flail. The gnoll hits you with a +0 flail!
* * * LOW HITPOINT WARNING * * *
The gnoll hits you with a +0 flail!
* * * LOW HITPOINT WARNING * * *
You block the gnoll's attack. The endoplasm freezes you.
You are frozen.
* * * LOW HITPOINT WARNING * * *
You block the gnoll's attack. 😱 HP[-20] MP[-6]
You take 20 damage, and now have 2/32 hp.
MASSIVE DAMAGE!! (PAUSE)
You lost 6 mp, and now have 0/8 mp.
Okay, then.
As you read the scroll of fear, it crumbles to dust.
You assume a fearsome visage.
The endoplasm looks frightened!
The gnoll looks frightened! x3
Unknown command.
Cornered, the gnoll turns to fight!
Cornered, the gnoll turns to fight!
You see here 26 stones {throwing}. 😱 HP[+1] MP[+1]
The gnoll attacks as you move away! The gnoll hits you with a +0 flail!
You die...

Skill      XL: |  1  2  3  4 |
---------------+-------------+-----
Fighting       | 1 |  1.2
Short Blades   | 1 |  1.2
Long Blades    | 1 |  1.2
Axes           | 1 |  1.2
Maces & Flails | 1 |  1.2
Polearms       | 1 |  1.2
Staves         | 1 |  1.2
Slings         | 1 |  1.2
Bows           | 1 |  1.2
Crossbows      | 1 |  1.2
Armour         | 1 |  1.2
Dodging        | 1 |  1.2
Stealth        | 1 |  1.2
Invocations    | 1 |  1.4
Evocations     | 1 |  1.2
Spellcasting   | 3 |  3.0
Conjurations   | 1 |  1.0
Hexes          | 1 |  1.0
Summonings     | 1 |  1.0
Necromancy     | 1 |  1.0
Translocations | 1 |  1.0
Transmutations | 1 |  1.0
Fire Magic     | 1 |  1.0
Ice Magic      | 1 |  1.0
Air Magic      | 1 |  1.0
Poison Magic   | 1 |  1.0
Throwing       | |  2.8
Shields        | |  2.8
Unarmed Combat | |  8.6
Earth Magic    | |  5.5

Action                   |  1- 3 |  4- 6 || total
-------------------------+-------+-------++-------
Melee: Unarmed           |    63 |    32 ||    95
       Dagger            |     6 |       ||     6
       Bite              |     3 |       ||     3
Throw: Stone             |     6 |    17 ||    23
       Javelin           |     3 |       ||     3
       Throwing net      |     1 |       ||     1
       Dart              |       |     4 ||     4
  Use: Potion            |     1 |       ||     1
       Scroll            |       |     1 ||     1
 Stab: Sleeping          |     3 |       ||     3
       Held in net/web   |     1 |       ||     1
Armor: Robe              |    11 |     4 ||    15
Dodge: Dodged            |    38 |    17 ||    55
Block: Buckler           |    15 |    13 ||    28

Levels and vault maps discovered:
D:1:      eino_arrival_tree_alley, layout_loops_corners, basic_ecumenical_altar
D:2:      layout_basic, minmay_pentomino_w4, uniq_jessica, uniq_terence

Notes
Turn   | Place    | Note
-------+----------+-------------------------------------------
     0 | D:1      | spaghetti the Gnoll Wanderer began the quest for the Orb.
     0 | D:1      | spaghetti set off with the following items: a +0 dagger
                  | {short}, a potion of berserk rage {!q}, a +0 buckler, a
                  | scroll of teleportation {@r4}, a +0 robe, a scroll of fear;
                  | and the following spell memorised: Sandblast; and the
                  | following spells available to memorise: Stone Arrow
     0 | D:1      | Reached XP level 1. HP: 13/13 MP: 4/4
     0 | D:1      | magus.rc [v1.9.6]
   229 | D:1      | Found a faded altar of an unknown god.
   253 | D:1      | Reached XP level 2. HP: 14/19 MP: 5/5
   254 | D:1      | Prayed at the altar of an unknown god.
   254 | D:1      | Became a worshipper of Cheibriados the Contemplative
   254 | D:1      | Reached * piety under Cheibriados
  1004 | D:1      | Reached XP level 3. HP: 25/25 MP: 7/7
  1473 | D:2      | You pick up a book of Weapons and begin reading...
  1473 | D:2      | You add the spells Tukima's Dance, Portal Projectile and
                  | Blade Hands to your library.
  1496 | D:2      | Noticed Terence
  1497 | D:2      | Noticed Jessica
  1505 | D:2      | Killed Terence
  1506 | D:2      | Reached skill level 1 in Fighting
  1506 | D:2      | Reached skill level 1 in Short Blades
  1506 | D:2      | Reached skill level 1 in Long Blades
  1506 | D:2      | Reached skill level 1 in Axes
  1506 | D:2      | Reached skill level 1 in Maces & Flails
  1506 | D:2      | Reached skill level 1 in Polearms
  1506 | D:2      | Reached skill level 1 in Staves
  1506 | D:2      | Reached skill level 1 in Slings
  1506 | D:2      | Reached skill level 1 in Bows
  1506 | D:2      | Reached skill level 1 in Crossbows
  1506 | D:2      | Reached skill level 1 in Armour
  1506 | D:2      | Reached skill level 1 in Dodging
  1506 | D:2      | Reached skill level 1 in Stealth
  1506 | D:2      | Reached skill level 1 in Invocations
  1506 | D:2      | Reached skill level 1 in Evocations
  1508 | D:2      | HP: 5/26 [Jessica/+6 club (4)]
  1513 | D:2      | Killed Jessica
  1514 | D:2      | Reached skill level 3 in Spellcasting
  1514 | D:2      | Reached XP level 4. HP: 5/32 MP: 8/8
  1514 | D:2      | Reached ** piety under Cheibriados
  1965 | D:2      | Reached skill level 1 in Conjurations
  1965 | D:2      | Reached skill level 1 in Hexes
  1965 | D:2      | Reached skill level 1 in Summonings
  1965 | D:2      | Reached skill level 1 in Necromancy
  1965 | D:2      | Reached skill level 1 in Translocations
  1965 | D:2      | Reached skill level 1 in Transmutations
  1965 | D:2      | Reached skill level 1 in Fire Magic
  1965 | D:2      | Reached skill level 1 in Ice Magic
  1965 | D:2      | Reached skill level 1 in Air Magic
  1965 | D:2      | Reached skill level 1 in Poison Magic
  2278 | D:2      | HP: 3/32 [gnoll/+0 flail (6)]
  2289 | D:2      | Slain by a gnoll

Vanquished Creatures
  Jessica (D:2)
  Terence (D:2)
  An adder (D:2)
  A dart slug (D:1)
  5 ball pythons
  6 endoplasms
  A giant cockroach (D:1)
  7 goblins
  2 hobgoblins
  3 jackals (D:1)
  6 kobolds
  4 bats
  A frilled lizard (D:2)
  7 rats
46 creatures vanquished.

Table legend:
 A = Non-vault XP
 B = Vault XP
 C = Vault XP percentage of total XP
 D = Non-vault monster count
 E = Vault monster count
 F = Vault count percentage of total count
                 A         B        C        D         E       F
            +---------+---------+-------+---------+---------+-------
      Total |      73 |      81 |  52.6 |      38 |       8 |  17.4
            +---------+---------+-------+---------+---------+-------
        D:1 |      44 |       0 |   0.0 |      26 |       0 |   0.0
        D:2 |      29 |      81 |  73.6 |      12 |       8 |  40.0
            +---------+---------+-------+---------+---------+-------

Illustrated notes

Table legend:
 A = Kills in this place as a percentage of kills in entire the game.
 B = Kills by you in this place as a percentage of kills by you in the entire game.
 C = Kills by friends in this place as a percentage of kills by friends in the entire game.
 D = Other kills in this place as a percentage of other kills in the entire game.
 E = Experience gained in this place as a percentage of experience gained in the entire game.
 F = Experience gained in this place divided by the number of levels of this place that you have seen.
                   A       B       C       D       E      F
               +-------+-------+-------+-------+-------+----------------------
         Total | 100.0 | 100.0 |   N/A |   N/A | 100.0 |  77.0
       Dungeon | 100.0 | 100.0 |   N/A |   N/A | 100.0 |  77.0
               +-------+-------+-------+-------+-------+----------------------

Table legend: (Time is in decaauts)
 A = Elapsed time spent in this place.
 B = Non-inter-level travel time spent in this place.
 C = Inter-level travel time spent in this place.
 D = Time resting spent in this place.
 E = Time spent auto-exploring this place.
 F = Levels seen in this place.
 G = Mean time per level.
                   A        B        C        D        E       F      G
               +--------+--------+--------+--------+--------+-----+--------+
         Total |   2739 |   2694 |     45 |     37 |   2290 |   2 | 1369.5 |
       Dungeon |   2739 |   2694 |     45 |     37 |   2290 |   2 | 1369.5 |
               +--------+--------+--------+--------+--------+-----+--------+

Top non-repeatable levels by time:
     D:1: 1775 daAuts
     D:2: 964 daAuts
